 Dungeon Sprint DCSS version 0.31-a0-1074-g0b22e4e0f1 (webtiles) character file.

Game seed: 6791887128807418368

2605 tbh1313 the Bludgeoner (level 9, -11/96 HPs)
             Began as an Ogre Berserker on Nov 28, 2023.
             Was an Elder of Trog.
             Mangled by a centaur warrior (14 damage)
             ... in the Dungeon (Sprint I: "Red Sonja").
             The game lasted 00:03:13 (561 turns).

tbh1313 the Bludgeoner (Ogre Berserker)              Turns: 561, Time: 00:03:14

Health: -11/96     AC:  3    Str: 27    XL:     9   Next: 59%
Magic:  9/9        EV: 11    Int:  8    God:    Trog [****..]
Gold:   461        SH:  0    Dex:  8    Spells: 8/8 levels left

rFire   . . .        j - +0 giant club
rCold   . . .        (shield currently unavailable)
rNeg    . . .        b - +0 animal skin
rPois   .            (helmet restricted)
rElec   .            (no cloak)
rCorr   .            (gloves unavailable)
SInv    .            (boots unavailable)
Will    .....        (no amulet)
Stlth   +            (no ring)
HPRegen 0.36/turn    (no ring)
MPRegen 0.11/turn

%: no teleportation
@: on berserk cooldown, slowed, very slow
A: large, unfitting armour, tough skin 1
a: Renounce Religion, Berserk, Trog's Hand, Brothers in Arms


You were in the Dungeon.
You worshipped Trog.
Trog was greatly pleased with you.
You visited 1 branch You collected 538 gold pieces.
You spent 77 gold pieces at shops.

Inventory:

Hand Weapons
 a - a +0 mace
 j - a +0 giant club (weapon)
Armour
 b - a +0 animal skin (worn)
 k - a +0 robe
Wands
 i - a wand of charming (6)
Scrolls
 h - a scroll of blinking
 l - a scroll of identify
Potions
 c - a potion of curing
 d - a potion of heal wounds
 e - a potion of haste
 f - 2 potions of magic
 g - a potion of berserk rage


   Skills:
 - Level 8.0 Fighting
 + Level 18.2 Maces & Flails
 - Level 6.0 Dodging


You had 8 spell levels left.
You didn't know any spells.
Your spell library was empty.

Dungeon Overview and Level Annotations

Branches:
Dungeon (1/1)

Altars:
Cheibriados
Dithmenos
Elyvilon
Fedhas
Gozag
Hepliaklqana
Kikubaaqudgha
Makhleb
Nemelex Xobeh
Okawaru
Qazlal
Ru
Sif Muna
Trog
Uskayaw
Vehumet
Wu Jian
Xom
Yredelemnul
Zin
The Shining One
Jiyva
Lugonu

Shops:
D *


Innate Abilities, Weirdness & Mutations

You are too large for most types of armour.
You have tough skin. (AC +1)


Message History

The centaur warrior is lightly wounded.
The centaur warrior hits you! The centaur warrior closely misses you.
You barely miss the centaur warrior.
The centaur warrior is lightly wounded.
The centaur warrior hits you. The centaur warrior kicks you.
The centaur warrior misses you. The centaur warrior kicks you.
You bludgeon the centaur warrior!!
The centaur warrior is heavily wounded.
The centaur warrior hits you but does no damage.
The centaur warrior kicks you.
You feel much better. The centaur warrior closely misses you.
The centaur warrior kicks you. The centaur warrior hits you.
The centaur warrior kicks you but does no damage.
The centaur warrior hits you!
The centaur warrior kicks you but does no damage.
You closely miss the centaur warrior.
The centaur warrior is heavily wounded.
The centaur warrior hits you!
* * * LOW HITPOINT WARNING * * *
The centaur warrior kicks you.
* * * LOW HITPOINT WARNING * * *
You hit the centaur warrior.
The centaur warrior is heavily wounded.
The centaur warrior hits you.
* * * LOW HITPOINT WARNING * * *
The centaur warrior kicks you but does no damage.
The centaur warrior hits you!
* * * LOW HITPOINT WARNING * * *
The centaur warrior kicks you.
* * * LOW HITPOINT WARNING * * *
You barely miss the centaur warrior.
The centaur warrior is heavily wounded.
The centaur warrior hits you but does no damage.
The centaur warrior closely misses you.
You sock the centaur warrior!
The centaur warrior is almost dead.
The centaur warrior barely misses you. The centaur warrior kicks you.
* * * LOW HITPOINT WARNING * * *
The centaur warrior hits you!
You die...

########################
.#..'..#..'..#__#..'...#
)'..#..').#..'..'..#)..#
.#####'#####'#__####...+
.####..#...#)####?:#####
.#__####..##.#§§§§§#..#
.#_____##'#_.'§§§§§§..#
⌠#_.∩...÷..._#§§@§§#
##_..__##_.#'##c####
#_____###+#.#?[$)#
####### ####'### ... ###


You could see a centaur warrior.

Levels and vault maps discovered:
D:        dungeon_sprint_1 [red_sonja_temple_1, red_sonja_temple_small_1]

Notes
Turn   | Place    | Note
-------+----------+-------------------------------------------
     0 | D        | tbh1313 the Ogre Berserker began the quest for the Orb.
     0 | D        | Reached XP level 1. HP: 24/24 MP: 1/1
     1 | D        | Noticed Ijyb
    14 | D        | Killed Ijyb
    15 | D        | Reached skill level 5 in Maces & Flails
    15 | D        | Reached XP level 2. HP: 24/32 MP: 2/2
    15 | D        | Reached XP level 3. HP: 30/39 MP: 3/3
    42 | D        | Noticed an ogre
    47 | D        | Killed an ogre
    48 | D        | Reached skill level 7 in Maces & Flails
    48 | D        | Reached XP level 4. HP: 53/53 MP: 4/4
    84 | D        | Noticed Sigmund
    92 | D        | Killed Sigmund
    92 | D        | Reached ** piety under Trog
    93 | D        | Reached skill level 9 in Maces & Flails
    93 | D        | Reached XP level 5. HP: 63/63 MP: 5/5
    93 | D        | Reached XP level 6. HP: 72/72 MP: 6/6
   140 | D        | Found a shimmering blue altar of Sif Muna.
   141 | D        | Found an ornate altar of the Wu Jian Council.
   144 | D        | Found a radiant altar of Vehumet.
   173 | D        | Found Arisi Ije's General Store.
   173 | D        | Found an ancient bone altar of Kikubaaqudgha.
   173 | D        | Found a hazy altar of Hepliaklqana.
   173 | D        | Found a stormy altar of Qazlal.
   173 | D        | Found a hide-covered altar of Uskayaw.
   173 | D        | Found a blossoming altar of Fedhas.
   173 | D        | Found a bloodstained altar of Trog.
   173 | D        | Found an iron altar of Okawaru.
   173 | D        | Found a basalt altar of Yredelemnul.
   173 | D        | Found a glowing golden altar of the Shining One.
   173 | D        | Found a snail-covered altar of Cheibriados.
   173 | D        | Found a sacrificial altar of Ru.
   173 | D        | Found a glowing silver altar of Zin.
   173 | D        | Found a shadowy altar of Dithmenos.
   173 | D        | Found a white marble altar of Elyvilon.
   173 | D        | Noticed a yak
   180 | D        | Killed a yak
   181 | D        | Reached skill level 11 in Maces & Flails
   181 | D        | Reached XP level 7. HP: 80/80 MP: 7/7
   181 | D        | Found an opulent altar of Gozag.
   184 | D        | Found a sparkling altar of Nemelex Xobeh.
   188 | D        | Bought a scroll of identify for 22 gold pieces
   188 | D        | Bought a potion of heal wounds for 55 gold pieces
   219 | D        | Found a burning altar of Makhleb.
   219 | D        | Found a viscous altar of Jiyva.
   219 | D        | Found a shimmering altar of Xom.
   219 | D        | Found a corrupted altar of Lugonu.
   219 | D        | Noticed a slime creature
   226 | D        | Killed a slime creature
   227 | D        | Reached skill level 12 in Maces & Flails
   314 | D        | Noticed a kobold demonologist
   314 | D        | Noticed a glass eye
   314 | D        | Noticed a kobold demonologist
   320 | D        | Killed a kobold demonologist
   320 | D        | Reached *** piety under Trog
   321 | D        | Reached skill level 13 in Maces & Flails
   321 | D        | Reached XP level 8. HP: 88/88 MP: 8/8
   325 | D        | Killed a kobold demonologist
   326 | D        | Reached skill level 14 in Maces & Flails
   332 | D        | Killed a glass eye
   333 | D        | Reached skill level 15 in Maces & Flails
   387 | D        | Noticed a centaur warrior
   387 | D        | Noticed a centaur warrior
   432 | D        | Killed a centaur warrior
   432 | D        | Reached **** piety under Trog
   433 | D        | Reached skill level 16 in Maces & Flails
   433 | D        | Reached XP level 9. HP: 84/96 MP: 9/9
   540 | D        | Noticed a hornet
   540 | D        | Noticed a deep troll
   544 | D        | Killed a deep troll
   545 | D        | Reached skill level 17 in Maces & Flails
   549 | D        | Paralysed by a hornet for 1 turns
   552 | D        | Killed a hornet
   553 | D        | Reached skill level 18 in Maces & Flails
   559 | D        | HP: 5/96 [centaur warrior (8)]
   561 | D        | Mangled by a centaur warrior

Table legend: (Time is in decaauts)
 A = Elapsed time spent in this place.
 B = Non-inter-level travel time spent in this place.
 C = Inter-level travel time spent in this place.
 D = Time resting spent in this place.
 E = Time spent auto-exploring this place.
 F = Levels seen in this place.
 G = Mean time per level.
                   A        B        C        D        E       F      G
               +--------+--------+--------+--------+--------+-----+--------+
         Total |    616 |    616 |      0 |    412 |      1 |   1 |  616.0 |
       Dungeon |    616 |    616 |      0 |    412 |      1 |   1 |  616.0 |
               +--------+--------+--------+--------+--------+-----+--------+

Top non-repeatable levels by time:
       D: 616 daAuts

Table legend:
 A = Kills in this place as a percentage of kills in the entire game.
 B = Kills by you in this place as a percentage of kills by you in the entire game.
 C = Kills by friends in this place as a percentage of kills by friends in the entire game.
 D = Other kills in this place as a percentage of other kills in the entire game.
 E = Experience gained in this place as a percentage of experience gained in the entire game.
 F = Experience gained in this place divided by the number of levels of this place that you have seen.
                   A       B       C       D       E      F
               +-------+-------+-------+-------+-------+----------------------
         Total | 100.0 | 100.0 |   N/A |   N/A | 100.0 | 3722.0
       Dungeon | 100.0 | 100.0 |   N/A |   N/A | 100.0 | 3722.0
               +-------+-------+-------+-------+-------+----------------------

Action                     |  1- 3 |  4- 6 |  7- 9 || total
---------------------------+-------+-------+-------++-------
  Melee: Mace              |    13 |       |       ||    13
         Giant club        |       |    13 |    40 ||    53
 Invoke: Berserk           |     2 |     2 |     4 ||     8
         Trog's Hand       |       |       |     1 ||     1
    Use: Potion            |       |       |     1 ||     1
 Armour: Animal skin       |     2 |     2 |    48 ||    52
  Dodge: Dodged            |     6 |     7 |    13 ||    26

Vanquished Creatures
  A centaur warrior (D)
  A deep troll (D)
  2 kobold demonologists (D)
  A hornet (D)
  A glass eye (D)
  A slime creature (D)
  Sigmund (D)
  A yak (D)
  An ogre (D)
  A jelly (D)
  Ijyb (D)
12 creatures vanquished.
